 Dungeon Crawl Stone Soup version 0.29-a0-542-g075992c915 (webtiles) character file.

Game seed: 1495977632594633054

1720 dolemite99 the Carver (level 8, -3/58 HPs)
             Began as a Demonspawn Berserker on June 4, 2022.
             Was a Believer of Trog.
             Slain by a river rat (6 damage)
             ... summoned by Eustachio
             ... on level 5 of the Dungeon.
             The game lasted 00:06:39 (9366 turns).

dolemite99 the Carver (Demonspawn Berserker)        Turns: 9366, Time: 00:06:40

Health: -3/58      AC: 14    Str: 20    XL:     8   Next: 75%
Magic:  8/8        EV:  6    Int:  8    God:    Trog [**....]
Gold:   163        SH:  0    Dex: 13    Spells: 7/7 levels left

rFire   . . .      SeeInvis +   a - +1 falchion (venom)
rCold   . . .      Faith    .   (no shield)
rNeg    . . .      Spirit   .   n - +0 plate armour
rPois   .          Reflect  .   m - +0 helmet
rElec   .          Harm     .   (no cloak)
rCorr   .          Rampage  .   t - +0 pair of gloves
Will    .....                   (no boots)
Stlth   ..........              (no amulet)
HPRegen 0.19/turn               u - ring of see invisible
MPRegen 0.11/turn               (no ring)

@: lethally poisoned (-3 -> -24)
A: molten scales 1, demonic magic 1, demonic touch 2
a: Renounce Religion, Berserk, Trog's Hand


You were on level 5 of the Dungeon.
You worshipped Trog.
Trog was pleased with you.
You visited 1 branch of the dungeon, and saw 5 of its levels.

You collected 267 gold pieces.
You spent 104 gold pieces at shops.

Inventory:

Hand Weapons
 a - a +1 falchion of venom (weapon)
 r - a +0 hunting sling
Missiles
 d - 5 boomerangs
 f - 199 stones (quivered)
 j - 6 poisoned darts
 q - 5 datura-tipped darts
Armour
 g - a +0 ring mail
 m - a +0 helmet (worn)
 n - a +0 plate armour (worn)
 t - a +0 pair of gloves (worn)
Jewellery
 u - a ring of see invisible (left hand)
Wands
 v - a wand of charming (3)
Scrolls
 i - a scroll of teleportation
 l - 2 scrolls of fear
Potions
 b - a potion of flight
 c - 2 potions of mutation {unknown}
 e - a potion of resistance {unknown}
 h - a potion of degeneration {unknown}
 o - a potion of might {unknown}
 p - a potion of heal wounds {unknown}
 s - a potion of lignification {unknown}


   Skills:
 - Level 3.0 Fighting
 + Level 10.7 Long Blades
 - Level 1.7 Armour
 - Level 1.7 Dodging


You had 7 spell levels left.
You didn't know any spells.
Your spell library was empty.

Dungeon Overview and Level Annotations

Branches:
Dungeon (5/15)             Temple (0/1) D:4

Altars:
Dithmenos
Hepliaklqana
Uskayaw
Wu Jian
Xom
Zin

Shops:
D:4 *

Annotations:
D:5 3 runed translucent doors, Eustachio


Innate Abilities, Weirdness & Mutations

You are partially covered in molten scales. (AC +2)
Spells you cast may paralyse adjacent enemies.
Your touch may inflict irresistible damage on your foes.


Message History

You barely miss the rat.
You feel the effects of Trog's Hand fading.
You feel sick.
The rat bites you but does no damage. x2
The river rat completely misses you.
You hit the rat.
The rat is poisoned.
The rat is heavily wounded.
You feel sick.
You are no longer poisoned.
The rat bites you but does no damage.
You closely miss the rat.
You touch the rat.
You kill the rat!
The rat's corpse disappears in a puff of smoke!
The river rat closely misses you.
Eustachio hits you from afar with a +1 spear of venom.
You are poisoned.
The rat attacks as you move away! The rat bites you.
You feel very sick.
The river rat bites you but does no damage.
Eustachio barely misses you. The river rat attacks as you move away!
The river rat bites you but does no damage.
You feel sick.
Eustachio casts a spell.
Eustachio blinks!
You feel sick. The rat bites you but does no damage.
The river rat bites you but does no damage.
Eustachio hits you but does no damage.
You are more poisoned.
You recover from your berserk rage.
You feel very sick.
Eustachio hits you with a +1 spear of venom.
* * * LOW HITPOINT WARNING * * *
You are lethally poisoned!
You hit Eustachio.
Eustachio is lightly wounded.
Your skin stops crawling.
You feel less strong-willed.
* * * LOW HITPOINT WARNING * * *
You feel very sick. The rat bites you but does no damage.
The river rat bites you.
You die...

.. $.#.. .. !.#...# ...
.. ..#...# ...
..###..#...# ..# #
.......#...# ##..#.#
########...# .......
...........# .........#
...........#
###@......#.#
.#...#...#.#
#.@..#.#..#.##
.#.###.#.#.#
#rr..#....... .#.#
#.....####....#......##
...#
###....))))...(.......#
....#
########)...###.....#
....' #..$...##.....#
....# #......##...<.#
..... '..../.'..@.#.#
##### .#......#......#


You could see Eustachio, a river rat (summoned, poisoned) and a rat (summoned).

Vanquished Creatures
  Pikel (D:5)
  A steam dragon (D:4)
  Menkaure (D:5)
  A black bear (D:5)
  A centaur (D:5)
  4 lemures (D:5)
  2 kobold brigands (D:5)
  A gnoll sergeant (D:5)
  A scorpion (D:4)
  A hound (D:5)
  A jelly (D:5)
  2 orc priests
  Terence (D:3)
  4 orc wizards
  3 iguanas
  8 gnolls
  6 adders
  4 worms
  4 dart slugs
  19 orcs
  8 endoplasms
  2 giant cockroaches (D:1)
  7 goblins
  4 hobgoblins
  7 jackals
  12 kobolds
  9 quokkas
  8 ball pythons
  9 bats
  8 frilled lizards
  9 rats
149 creatures vanquished.

Vanquished Creatures (others)
  A plant (D:1)
1 creature vanquished.

Grand Total: 150 creatures vanquished

Notes
Turn   | Place    | Note
-------+----------+-------------------------------------------
     0 | D:1      | dolemite99 the Demonspawn Berserker began the quest for the
                  | Orb.
     0 | D:1      | Reached XP level 1. HP: 18/18 MP: 1/1
   354 | D:1      | Reached skill level 3 in Long Blades
   388 | D:1      | Gained mutation: Your touch may inflict minor irresistible
                  | damage on your foes. [demonic ancestry]
   388 | D:1      | Reached XP level 2. HP: 15/24 MP: 2/2
  1199 | D:1      | Reached ** piety under Trog
  1564 | D:1      | Reached XP level 3. HP: 29/29 MP: 3/3
  1583 | D:1      | Found a faded altar of an unknown god.
  1795 | D:2      | Reached skill level 4 in Long Blades
  2324 | D:2      | Reached XP level 4. HP: 35/35 MP: 4/4
  3617 | D:3      | Noticed Terence
  3623 | D:3      | Killed Terence
  3624 | D:3      | Reached skill level 5 in Long Blades
  4584 | D:4      | Found a shimmering altar of Xom.
  4584 | D:4      | Found a hazy altar of Hepliaklqana.
  4586 | D:4      | Found an ornate altar of the Wu Jian Council.
  4588 | D:4      | Found a hide-covered altar of Uskayaw.
  4588 | D:4      | Found a shadowy altar of Dithmenos.
  4748 | D:4      | Gained mutation: Your touch may inflict irresistible damage
                  | on your foes. [demonic ancestry]
  4748 | D:4      | Reached XP level 5. HP: 28/41 MP: 5/5
  5565 | D:4      | Found Ojidu's General Store.
  5606 | D:4      | Bought a scroll of teleportation for 33 gold pieces
  5606 | D:4      | Bought a scroll of fear for 38 gold pieces
  5606 | D:4      | Bought a potion of curing for 33 gold pieces
  5667 | D:4      | Reached skill level 6 in Long Blades
  5720 | D:4      | Found a staircase to the Ecumenical Temple.
  5746 | D:4      | Reached XP level 6. HP: 47/47 MP: 6/6
  6708 | D:4      | Noticed a steam dragon
  6715 | D:4      | Killed a steam dragon
  6716 | D:4      | Reached skill level 7 in Long Blades
  6797 | D:4      | Gained mutation: Spells you cast may paralyse adjacent
                  | enemies. [demonic ancestry]
  6797 | D:4      | Reached XP level 7. HP: 52/52 MP: 7/7
  6927 | D:5      | Entered Level 5 of the Dungeon
  7391 | D:5      | Reached *** piety under Trog
  7398 | D:5      | Reached skill level 8 in Long Blades
  7941 | D:5      | Noticed Pikel
  7962 | D:5      | Noticed Eustachio
  8547 | D:5      | Noticed Menkaure
  8551 | D:5      | Killed Menkaure
  9052 | D:5      | Killed Pikel
  9053 | D:5      | Reached skill level 9 in Long Blades
  9053 | D:5      | Gained mutation: You are partially covered in molten
                  | scales. (AC +2) [demonic ancestry]
  9053 | D:5      | Reached XP level 8. HP: 58/58 MP: 8/8
  9209 | D:5      | Reached skill level 10 in Long Blades
  9257 | D:5      | Found a runed translucent gate.
  9258 | D:5      | Found a runed translucent gate.
  9259 | D:5      | Found a runed translucent gate.
  9366 | D:5      | Slain by a river rat

Illustrated notes

Levels and vault maps discovered:
D:1:      minmay_arrival_loop, layout_basic,
          shapermc_ecumenical_altar_mp_ritualfount, minmay_small_reverse_x
D:2:      layout_rooms, chequers_mini_garden, wad_floor_pattern_untrapped,
          kennysheep_minor_cross, minmay_tromino_i4
D:3:      layout_loops_ring, uniq_terence
D:4:      layout_gridville, grunt_temple_overflow_open,
          minmay_temple_entry_slanted, kennysheep_small_square
D:5:      layout_basic, gammafunk_ghost_split, uniq_eustachio, uniq_pikel,
          uniq_menkaure

Skill      XL: |  1  2  3  4  5  6  7  8 |
---------------+-------------------------+-----
Long Blades    | 3 4 5 6 7 9 10 | 10.7
Fighting       | |  3.0
Armour         | |  1.7
Dodging        | |  1.7

Action                   |  1- 3 |  4- 6 |  7- 9 || total
-------------------------+-------+-------+-------++-------
Melee: Falchion          |   126 |   165 |   152 ||   443
       Touch             |    14 |    27 |    32 ||    73
       Punch             |       |     1 |     2 ||     3
Throw: Stone             |    38 |    27 |     8 ||    73
Invok: Berserk           |     1 |     7 |     8 ||    16
       Trog's Hand       |       |     1 |     6 ||     7
  Use: Scroll            |     1 |     7 |     4 ||    12
       Potion            |       |       |     3 ||     3
Armor: Animal skin       |    16 |       |       ||    16
       Ring mail         |    27 |       |       ||    27
       Plate armour      |    20 |   105 |   142 ||   267
Dodge: Dodged            |    97 |    57 |    59 ||   213

Table legend: (Time is in decaauts)
 A = Elapsed time spent in this place.
 B = Non-inter-level travel time spent in this place.
 C = Inter-level travel time spent in this place.
 D = Time resting spent in this place.
 E = Time spent auto-exploring this place.
 F = Levels seen in this place.
 G = Mean time per level.
                   A        B        C        D        E       F      G
               +--------+--------+--------+--------+--------+-----+--------+
         Total |   9528 |   9194 |    334 |   4557 |   3245 |   5 | 1905.6 |
       Dungeon |   9528 |   9194 |    334 |   4557 |   3245 |   5 | 1905.6 |
               +--------+--------+--------+--------+--------+-----+--------+

Top non-repeatable levels by time:
     D:4: 3213 daAuts
     D:1: 1770 daAuts
     D:5: 1715 daAuts
     D:3: 1655 daAuts
     D:2: 1173 daAuts
